 Dungeon Crawl Stone Soup version 0.30-a0-23-ge60ba3568b (webtiles) character file.

Game seed: 6021531158861406386

85 ytrimaz the Insei (level 4, -4/28 HPs)
             Began as an Octopode Transmuter on Aug 25, 2022.
             Slain by an orc
             ... wielding a +0 short sword
              (6 damage)
             ... on level 3 of the Dungeon.
             The game lasted 00:01:39 (2448 turns).

ytrimaz the Insei (Octopode Transmuter)             Turns: 2448, Time: 00:01:39

Health: -4/28      AC:  1    Str:  9    XL:     4   Next: 48%
Magic:  7/7        EV: 13    Int: 17    God:
Gold:   92         SH:  0    Dex: 12    Spells: 6/7 levels left

rFire   . . .      SeeInvis .      - Unarmed
rCold   . . .      Faith    .    (no shield)
rNeg    . . .      Spirit   .    (helmet restricted)
rPois   .          Reflect  .    (no amulet)
rElec   .          Harm     .    (no ring)
rCorr   .          Rampage  .    (no ring)
Will    .....                    (no ring)
Stlth   +++.......               (no ring)
HPRegen 0.09/turn                (no ring)
MPRegen 0.10/turn                (no ring)
                                 (no ring)
                                 (no ring)

@: no status effects
A: almost no armour, amphibious, 8 rings, camouflage 1, gelatinous body 1,
(nimble swimmer 1), tentacles
a: no special abilities


You were on level 3 of the Dungeon.
You visited 1 branch of the dungeon, and saw 3 of its levels.

You collected 92 gold pieces.

Inventory:

Scrolls
 b - 2 scrolls of amnesia
 c - a scroll of blinking
Potions
 a - a potion of lignification


   Skills:
 - Level 1.0 Fighting
 + Level 2.5 Dodging
 + Level 1.7 Stealth
 + Level 4.6 Unarmed Combat
 - Level 2.0 Spellcasting
 - Level 2.0 Transmutations


You had 6 spell levels left.
You knew the following spells:

 Your Spells              Type           Power      Damage    Failure   Level
a - Beastly Appendage     Tmut           16%        N/A       9%          1

Your spell library contained the following spells:

 Spells                   Type           Power      Damage    Failure   Level
 Wereblood                Tmut           8%         N/A       13%         2
 Spider Form              Tmut/Pois      5%         N/A       36%         3
 Ice Form                 Ice/Tmut       5%         N/A       77%         4


Dungeon Overview and Level Annotations

Branches:
Dungeon (3/15)

Altars:


Innate Abilities, Weirdness & Mutations

You cannot wear most types of armour.
You are amphibious.
You can wear up to eight rings at the same time.
Your skin changes colour to match your surroundings (Stealth+).
Your rubbery body absorbs attacks. (AC +1, EV +1)
((You are camouflaged when in or above water. (Stealth+)))
You have tentacles for arms and can constrict up to eight enemies at once.


Message History

Something hits you but does no damage.
Unknown command.
You cannot move.
You cannot move.
You hit something but do no damage.
You hear some strange, mumbled words.
Something tries to affect you, but you resist.
You hit something. Something completely misses you.
You closely miss something. Something hits you.
* * * LOW HITPOINT WARNING * * *
You smack something!
Reactivating autopickup.
You feel a bit more experienced.
Unknown command.
Your transformation is almost over.
You feel less wooden.
An orc comes into view. It is wielding a +0 short sword.
An orc is nearby!
An orc is nearby!
An orc is nearby!
The orc shouts!
You are too injured to fight recklessly!
You tentacle-slap the orc. You grab the orc.
The orc is heavily wounded.
You constrict the orc, but do no damage.
You tentacle-slap the orc but do no damage.
The orc is heavily wounded.
You constrict the orc, but do no damage.
The orc hits you but does no damage.
You tentacle-slap the orc but do no damage.
You squeeze the orc, but do no damage.
The orc is heavily wounded.
You constrict the orc, but do no damage.
The orc hits you with a +0 short sword.
* * * LOW HITPOINT WARNING * * *
You tentacle-slap the orc but do no damage.
The orc is heavily wounded.
You constrict the orc, but do no damage.
The orc hits you with a +0 short sword.
You die...

... .. ### ...####.
########.. .......
#........# .....#.#
.........# ....#.#. #
.........# #...#.#..#
.........# #...#.#...
#........####+#)..#.#..#
..$...o@.))............[
#..#####$###..?.....#..#
#.# #........#.## ...
########.#.#. ##.#.
...........#
#.#.########.#.#. #.. .
..?......## ###
########.#..# #.#..#


You could see an orc.

Vanquished Creatures
  An orc wizard (D:3)
  An adder (D:2)
  A worm (D:2)
  3 dart slugs
  4 orcs (D:3)
  6 ball pythons
  A bat (D:3)
  An endoplasm (D:1)
  4 giant cockroaches
  3 goblins
  4 hobgoblins
  A quokka (D:1)
  2 frilled lizards
  A kobold (D:2)
  6 rats
39 creatures vanquished.

Notes
Turn   | Place    | Note
-------+----------+-------------------------------------------
     0 | D:1      | ytrimaz the Octopode Transmuter began the quest for the
                  | Orb.
     0 | D:1      | Reached XP level 1. HP: 13/13 MP: 3/3
   130 | D:1      | Reached XP level 2. HP: 18/18 MP: 3/5
   863 | D:2      | Reached XP level 3. HP: 12/23 MP: 4/6
   987 | D:2      | Reached skill level 4 in Unarmed Combat
  1635 | D:2      | Found a faded altar of an unknown god.
  2119 | D:3      | Reached skill level 1 in Stealth
  2370 | D:3      | Reached XP level 4. HP: 23/28 MP: 7/7
  2384 | D:3      | HP: 2/42 [something (3)]
  2448 | D:3      | Slain by an orc

Illustrated notes

Levels and vault maps discovered:
D:1:      dpeg_arrival_short_road, layout_basic
D:2:      layout_basic, dreamdust_ecumenical_altar_hidden_monk_grotto
D:3:      layout_basic, minitemple, hangedman_glass_teeth, minivault_26,
          minmay_ruptured

Skill      XL: |  1  2  3 |
---------------+----------+-----
Unarmed Combat | 4 |  4.6
Stealth        | 1 |  1.7
Fighting       | |  1.0
Dodging        | |  2.5
Spellcasting   | |  2.0
Transmutations | |  2.0

Action                   |  1- 3 |  4- 6 || total
-------------------------+-------+-------++-------
Melee: Unarmed           |    75 |    16 ||    91
       Constrict         |    24 |     2 ||    26
       Kick              |    17 |       ||    17
       Tentacles         |    12 |     1 ||    13
       Punch             |     2 |     1 ||     3
 Cast: Beastly Appendage |    25 |       ||    25
  Use: Scroll            |     4 |       ||     4
       Potion            |       |     1 ||     1
 Stab: Sleeping          |     5 |       ||     5
Armor: Skin              |     6 |     2 ||     8
Dodge: Dodged            |    54 |     2 ||    56

Table legend: (Time is in decaauts)
 A = Elapsed time spent in this place.
 B = Non-inter-level travel time spent in this place.
 C = Inter-level travel time spent in this place.
 D = Time resting spent in this place.
 E = Time spent auto-exploring this place.
 F = Levels seen in this place.
 G = Mean time per level.
                   A        B        C        D        E       F      G
               +--------+--------+--------+--------+--------+-----+--------+
         Total |   2441 |   2373 |     68 |    100 |   1954 |   3 |  813.7 |
       Dungeon |   2441 |   2373 |     68 |    100 |   1954 |   3 |  813.7 |
               +--------+--------+--------+--------+--------+-----+--------+

Top non-repeatable levels by time:
     D:2: 1257 daAuts
     D:1: 845 daAuts
     D:3: 338 daAuts
